 Dungeon Sprint DCSS version 0.21.1-1-g345015f (webtiles) character file.

549524 Gingerlord the Conqueror (level 23, -1/175 HPs)
             Began as a Gargoyle Wanderer on May 28, 2018.
             Was the Champion of Cheibriados.
             Slain by Mnoleg (10 damage)
             ... in the Dungeon (Sprint IX: "|||||||||||||||||||||||||||||").
             The game lasted 00:43:41 (11487 turns).

Gingerlord the Conqueror (Gargoyle Wanderer)       Turns: 11487, Time: 00:43:42

Health: -1/175     AC: 63    Str: 34    XL:     23   Next: 5%
Magic:  0/34       EV: 35    Int: 32    God:    Cheibriados [******]
Gold:   1170       SH:  0    Dex: 42    Spells: 55/55 levels left

rFire    + + .     SeeInvis +   d - +8 great mace (holy)
rCold    + + +     Gourm    .   (shield currently unavailable)
rNeg     + . .     Faith    .   p - +9 scales of the Dragon King {rPois rF+ rC+ MR+}
rPois    ∞         Spirit   +   A - +1 helmet
rElec    +         Reflect  .   b - +1 cloak
rCorr    +         Harm     .   v - +0 pair of gloves
MR       ++...     NoTele   +   C - +2 pair of boots {Stlth+}
Stlth    +++.......             c - amulet "Ummiupn" {Spirit *Drain rElec rC++ Dex+4}
HPRegen  0.39/turn              H - ring of Zinin {AC+3 Int+4}
MPRegen  0.24/turn              G - ring "Axtuank" {+Fly MP-9 Dex+7 SInv}

@: resistant, very slow
A: big wings, agile 1, deformed body, dopey 1, negative energy resistance 1,
electricity resistance, unbreathing, petrification resistance, rot immunity, AC
+17
}: 9/15 runes: decaying, serpentine, barnacled, slimy, elven, silver, golden,
abyssal, gossamer
a: Fly, Bend Time, Temporal Distortion, Slouch, Step From Time, Renounce
Religion, Evoke Flight


You were in the Dungeon.
You worshipped Cheibriados.
Cheibriados was exalted by your worship.
You were not hungry.

You visited 1 branch You collected 1704 gold pieces.
You spent 534 gold pieces at shops.

Inventory:

Hand Weapons
 d - a +8 great mace of holy wrath (weapon)
 o - a +2 dire flail of crushing
Armour
 b - a +1 cloak (worn)
 p - the +9 scales of the Dragon King (worn) {rPois rF+ rC+ MR+}
   (You found it in the Dungeon)

   It protects you from fire.
   It protects you from cold.
   It protects you from poison.
   It affects your resistance to hostile enchantments.
 v - a +0 pair of gloves (worn)
 A - a +1 helmet (worn)
 C - a +2 pair of boots of stealth (worn)
Jewellery
 c - the amulet "Ummiupn" (around neck) {Spirit *Drain rElec rC++ Dex+4}
   (You found it in the Dungeon)

   [amulet of guardian spirit]

   It causes incoming damage to be split between your health and magic.
   It affects your dexterity (+4).
   It greatly protects you from cold.
   It insulates you from electricity.
   It causes draining when unequipped.
 x - an uncursed ring of see invisible
 y - an uncursed ring of protection from magic
 z - an uncursed ring of protection from magic
 G - the ring "Axtuank" (right hand) {+Fly MP-9 Dex+7 SInv}
   (You found it in the Dungeon)

   [ring of see invisible]

   It affects your dexterity (+7).
   It affects your magic capacity (-9).
   It lets you see invisible.
   It lets you fly.
 H - the ring of Zinin (left hand) {AC+3 Int+4}
   (You found it in the Dungeon)

   [ring of protection]

   It affects your AC (+3).
   It affects your intelligence (+4).
Wands
 n - a wand of iceblast (10)
Scrolls
 k - 5 scrolls of blinking
 l - 6 scrolls of remove curse
 m - 2 scrolls of amnesia
 r - 8 scrolls of identify
 s - 3 scrolls of fog
 t - a scroll of fear
Potions
 e - 5 potions of curing
 i - 4 potions of magic
 j - 5 potions of heal wounds
 F - 6 potions of brilliance
Miscellaneous
 h - a lightning rod (4/4)
Comestibles
 f - 6 rations


   Skills:
 O Level 27 Fighting
   Level 1.0 Long Blades
 O Level 27 Maces & Flails
   Level 2.0 Crossbows
 O Level 27 Throwing
 O Level 27 Armour
 O Level 27 Dodging
 + Level 20.6 Stealth
   Level 1.1 Shields
 O Level 27 Unarmed Combat
 + Level 16.5 Spellcasting
 O Level 27 Invocations
 O Level 27 Evocations


You had 55 spell levels left.
You didn't know any spells.

Dungeon Overview and Level Annotations

Branches:
Dungeon (1/1)

Altars:
Cheibriados
Dithmenos
Elyvilon
Fedhas
Gozag
Hepliaklqana
Kikubaaqudgha
Makhleb
Nemelex Xobeh
Okawaru
Qazlal
Ru
Sif Muna
Trog
Uskayaw
Vehumet
Wu Jian
Xom
Yredelemnul
Zin
The Shining One
Beogh
Jiyva
Lugonu

Shops:
D *[:[

Annotations:
D Dispater, Ereshkigal, Mnoleg


Innate Abilities, Weirdness & Mutations

You are resistant to torment.
Your stone body is resilient. (AC +17)
You are immune to poison.
Your large and strong wings let you fly indefinitely.
You resist negative energy. (rN+)
You are resistant to electric shocks. (rElec)
You can survive without breathing.
You are immune to petrification.
You are immune to rotting.
You are agile. (Dex +2)
Armour fits poorly on your strangely shaped body.
You are dopey. (Int -2)


Message History

Mnoleg gores you but does no damage. Mnoleg kicks you but does no damage.
The floating eye's stare focuses on you.
Mnoleg gestures.
Mnoleg claws you!
* * * LOW HITPOINT WARNING * * *
Mnoleg tentacle-slaps you but does no damage.
Mnoleg gores you but does no damage. Mnoleg kicks you but does no damage.
The shining eye gazes at you.
Strange energies course through your body.
You feel stupid. Mnoleg claws you but does no damage.
Mnoleg tentacle-slaps you but does no damage.
Mnoleg gores you!
* * * LOW HITPOINT WARNING * * *
Mnoleg kicks you but does no damage.
You can move again.
You bludgeon Mnoleg!!
Mnoleg convulses!!
Mnoleg is almost dead.
Mnoleg claws you!
You die...

..................'........).)))(
▓▓▓▓▓▓▓▓▓▓▓▓▓▓▓▓▓▓▓▓▓▓▓▓▓▓▓▓▓▓▓▓▓
.................................
▓▓▓▓▓▓▓▓▓▓▓▓▓▓▓▓▓▓▓▓▓▓▓▓▓▓▓▓▓▓▓▓▓
...........'.........'.........'.
▓▓▓▓▓▓▓▓▓▓▓▓▓▓▓▓▓▓▓▓▓▓▓▓▓▓▓▓▓▓▓▓▓
.................................
▓▓▓▓▓▓▓▓▓▓▓▓▓▓▓▓▓▓▓▓▓▓▓▓▓▓▓▓▓▓▓▓▓
..XXXG&@G...............
▓▓▓▓▓▓▓▓▓▓▓▓▓▓▓▓▓▓▓▓▓▓▓▓


You could see Mnoleg, a shining eye, 3 large abominations and a floating eye.

Vanquished Creatures
  Antaeus (D)
  Asmodeus (D)
  the Royal Jelly (D)
  3 orbs of fire (D)
  Mara (D)
  5 ancient liches (D)
  6 greater mummies (D)
  Boris (D)
  Sojobo (D)
  Frederick (D)
  Margery (D)
  Xtahua (D)
  Saint Roka (D)
  Geryon (D)
  3 golden dragons (D)
  Nikola (D)
  Jory (D)
  2 bone dragons (D)
  4 electric golems (D)
  6 tentacled monstrosities (D)
  3 deep elf blademasters (D)
  8 acid blobs (D)
  2 titans (D)
  3 liches (D)
  2 deep elf master archers (D)
  26 Orb Guardians (D)
  4 quicksilver dragons (D)
  A death cob (D)
  Agnes (D)
  Frances (D)
  A thorn hunter (D)
  11 sphinxes (D)
  6 shadow dragons (D)
  2 tengu reavers (D)
  9 storm dragons (D)
  4 nagarajas (D)
  2 draconian monks (D)
  3 fire giants (D)
  2 deep elf sorcerers (D)
  A ghost moth (D)
  An azure jelly (D)
  3 vault wardens (D)
  Aizul (D)
  4 emperor scorpions (D)
  2 draconian scorchers (D)
  2 draconian stormcallers (D)
  3 frost giants (D)
  Louise (D)
  2 draconian shifters (D)
  A draconian annihilator (D)
  2 ironheart preservers (D)
  8 vampire knights (D)
  2 stone giants (D)
  5 very ugly things (D)
  A starcursed mass (D)
  A purple draconian (D)
  3 green draconians (D)
  2 black draconians (D)
  3 red draconians (D)
  3 yellow draconians (D)
  3 merfolk javelineers (D)
  A spark wasp (D)
  A deep elf death mage (D)
  3 ettins (D)
  11 death oozes (D)
  6 ogre magi (D)
  4 yaktaur captains (D)
  A deep elf high priest (D)
  5 merfolk impalers (D)
  3 fire dragons (D)
  3 mummy priests (D)
  2 great orbs of eyes (D)
  7 hydras (D)
  25 vault guards (D)
  5 naga warriors (D)
  8 ice dragons (D)
  A merfolk avatar (D)
  3 merfolk aquamancers (D)
  5 centaur warriors (D)
  8 two-headed ogres (D)
  A vampire mage (D)
  A naga sharpshooter (D)
  3 deep troll shamans (D)
  A tengu warrior (D)
  A thrashing horror (D)
  Urug (D)
  A shock serpent (D)
  2 spriggan berserkers (D)
  A shadow wraith (D)
  4 hell knights (D)
  2 sea snakes (D)
  A naga ritualist (D)
  5 swamp dragons (D)
  A flayed ghost (D)
  4 ironbrand convokers (D)
  A shambling mangrove (D)
  2 phantasmal warriors (D)
  A deep elf archer (D)
  3 wolf spiders (D)
  2 necromancers (D)
  5 orc knights (D)
  An ugly thing (D)
  A deep elf mage (D)
  2 cyclopes (D)
  An orb spider (D)
  A manticore (D)
  9 moths of wrath (D)
  2 guardian serpents (D)
  4 black mambas (D)
  A merfolk siren (D)
  3 naga magi (D)
  5 spiny frogs (D)
  A vault sentinel (D)
  A yaktaur (D)
  An efreet (D)
  A komodo dragon (D)
  A rime drake (D)
  3 demonic crawlers (D)
  3 freezing wraiths (D)
  An ancient zyme (D)
  2 trolls (D)
  A wandering mushroom (D)
  19 guardian mummies (D)
  5 jumping spiders (D)
  6 polar bears (D)
  A wind drake (D)
  A hornet (shapeshifter) (D)
  2 merfolk (D)
  2 tyrant leeches (D)
  A snapping turtle (D)
  A blink frog (D)
  A large abomination (D)
  2 shadows (D)
  A redback (D)
  11 spriggans (D)
  2 yaks (D)
  4 tarantellas (D)
  2 wyverns (D)
  A golden eye (D)
  A chaos spawn (D)
  2 vampire mosquitoes (D)
  A warg (D)
  An acid dragon (D)
  A naga (D)
  A soldier ant (D)
  2 floating eyes (D)
  A water moccasin (D)
  2 black bears (D)
  4 porcupines (D)
  A sky beast (D)
  A necrophage (D)
  2 eyes of draining (D)
  13 orc warriors (D)
  5 ogres (D)
  A centaur (D)
  A crocodile (D)
  4 bullfrogs (D)
  A scorpion (D)
  A killer bee (D)
  2 small abominations (D)
  An orc priest (D)
  7 orc wizards (D)
  A worker ant (D)
  An iguana (D)
  A shadow imp (D)
  A dart slug (D)
  An adder simulacrum (D)
  A leopard gecko (D)
  6 orcs (D)
  A bat skeleton (D)
  A bat zombie (D)
  A giant cockroach (D)
  A goblin (D)
  A jackal (D)
  A frilled lizard (D)
513 creatures vanquished.

Vanquished Creatures (others)
  A draconian knight (D)
  Ilsuiw (D)
  A merfolk javelineer (D)
  A deep elf high priest (D)
  A briar patch (D)
5 creatures vanquished.

Grand Total: 518 creatures vanquished

Notes
Turn   | Place    | Note
-------+----------+-------------------------------------------
     0 | D        | Gingerlord the Gargoyle Wanderer began the quest for the Orb.
     0 | D        | Gingerlord set off with: a +2 hand crossbow, 25 bolts, a +0 mace, a +0 ring mail, a potion of curing, a ration, a potion of heal wounds, a potion of haste, 2 potions of magic, a potion of berserk rage, a scroll of blinking
     0 | D        | Reached XP level 1. HP: 16/16 MP: 1/1
    23 | D        | Reached skill level 1 in Maces & Flails
    30 | D        | Reached skill level 1 in Dodging
    37 | D        | Reached XP level 2. HP: 10/20 MP: 2/2
   196 | D        | Noticed a centaur
   196 | D        | Noticed an ogre
   199 | D        | Killed an ogre
   199 | D        | Reached XP level 3. HP: 28/28 MP: 3/3
   199 | D        | Reached XP level 4. HP: 32/32 MP: 4/4
   216 | D        | Reached skill level 5 in Armour
   216 | D        | Reached XP level 5. HP: 19/37 MP: 5/5
   230 | D        | Killed a centaur
   230 | D        | Reached skill level 5 in Maces & Flails
   230 | D        | Reached XP level 6. HP: 21/44 MP: 6/6
   395 | D        | Found a roughly hewn altar of Beogh.
   395 | D        | Found a snail-covered altar of Cheibriados.
   395 | D        | Found a shadowy altar of Dithmenos.
   395 | D        | Found a white marble altar of Elyvilon.
   395 | D        | Found a blossoming altar of Fedhas.
   395 | D        | Found an opulent altar of Gozag.
   396 | D        | Found a hazy altar of Hepliaklqana.
   397 | D        | Found a viscous altar of Jiyva.
   398 | D        | Found an ancient bone altar of Kikubaaqudgha.
   399 | D        | Found a corrupted altar of Lugonu.
   400 | D        | Found a burning altar of Makhleb.
   401 | D        | Found a sparkling altar of Nemelex Xobeh.
   402 | D        | Found an iron altar of Okawaru.
   403 | D        | Found a stormy altar of Qazlal.
   404 | D        | Found a sacrificial altar of Ru.
   405 | D        | Found a deep blue altar of Sif Muna.
   406 | D        | Found a bloodstained altar of Trog.
   407 | D        | Found a hide-covered altar of Uskayaw.
   408 | D        | Found a radiant altar of Vehumet.
   409 | D        | Found an ornate altar of the Wu Jian Council.
   410 | D        | Found a shimmering altar of Xom.
   411 | D        | Found a basalt altar of Yredelemnul.
   412 | D        | Found a glowing silver altar of Zin.
   413 | D        | Found a glowing golden altar of the Shining One.
   437 | D        | Became a worshipper of Cheibriados the Contemplative
   505 | D        | Noticed a sky beast
   505 | D        | Noticed a two-headed ogre
   505 | D        | Noticed a soldier ant
   511 | D        | Reached skill level 5 in Dodging
   524 | D        | Killed a soldier ant
   533 | D        | Killed a two-headed ogre
   533 | D        | Reached * piety under Cheibriados
   533 | D        | Reached skill level 10 in Fighting
   533 | D        | Reached XP level 7. HP: 33/53 MP: 5/7
   533 | D        | Reached XP level 8. HP: 37/58 MP: 5/8
   543 | D        | Reached ** piety under Cheibriados
   645 | D        | Noticed an efreet
   645 | D        | Noticed a centaur warrior
   653 | D        | Killed a centaur warrior
   653 | D        | Reached skill level 10 in Armour
   653 | D        | Reached XP level 9. HP: 44/64 MP: 0/11
   665 | D        | Killed an efreet
   665 | D        | Reached *** piety under Cheibriados
   665 | D        | Reached skill level 10 in Maces & Flails
   670 | D        | Reached skill level 5 in Invocations
   676 | D        | Reached **** piety under Cheibriados
   886 | D        | Noticed Urug
   904 | D        | HP: 1/65 [Urug/great mace of holy wrath (16)]
   906 | D        | Killed Urug
  1247 | D        | Noticed a komodo dragon
  1248 | D        | Reached ***** piety under Cheibriados
  1261 | D        | Reached XP level 10. HP: 53/72 MP: 13/15
  1262 | D        | Reached ****** piety under Cheibriados
  1369 | D        | Noticed a spiny frog
  1369 | D        | Noticed a spiny frog
  1369 | D        | Noticed a spiny frog
  1372 | D        | Killed a spiny frog
  1373 | D        | Killed a spiny frog
  1377 | D        | Killed a spiny frog
  1382 | D        | Reached skill level 10 in Dodging
  1538 | D        | Reached XP level 11. HP: 79/79 MP: 13/18
  1672 | D        | Noticed an orc knight
  1685 | D        | Killed an orc knight
  1685 | D        | Reached skill level 10 in Invocations
  1696 | D        | Noticed an ettin
  1704 | D        | Killed an ettin
  1993 | D        | Noticed a stone giant
  2006 | D        | Noticed an orc knight
  2008 | D        | Killed a stone giant
  2023 | D        | Killed an orc knight
  2192 | D        | Found Uchobb's Armour Boutique.
  2192 | D        | Noticed a two-headed ogre
  2192 | D        | Noticed a two-headed ogre
  2192 | D        | Noticed a two-headed ogre
  2194 | D        | Noticed an ogre mage
  2198 | D        | Killed a two-headed ogre
  2199 | D        | Found Kak Jer's Book Shop.
  2203 | D        | Killed a two-headed ogre
  2203 | D        | Reached skill level 15 in Fighting
  2205 | D        | Killed a two-headed ogre
  2213 | D        | Noticed an ogre mage
  2213 | D        | Killed an ogre mage
  2213 | D        | Reached XP level 12. HP: 73/88 MP: 16/20
  2218 | D        | Found Anomefy's Armour Boutique.
  2221 | D        | Killed an ogre mage
  2221 | D        | Reached skill level 15 in Armour
  2224 | D        | Found Rumn's General Store.
  2226 | D        | Noticed a two-headed ogre
  2236 | D        | Killed a two-headed ogre
  2239 | D        | Noticed an ogre mage
  2240 | D        | Noticed a two-headed ogre
  2251 | D        | Killed an ogre mage
  2253 | D        | Noticed a two-headed ogre
  2257 | D        | Killed a two-headed ogre
  2260 | D        | Killed a two-headed ogre
  2466 | D        | Bought a potion of curing for 42 gold pieces
  2472 | D        | Bought the +4 scale mail of Claustrophobia {+Blink rC+ Regen+ Dex+2} for 492 gold pieces
  2682 | D        | Noticed a centaur warrior
  2682 | D        | Noticed a centaur warrior
  2688 | D        | Killed a centaur warrior
  2691 | D        | Noticed a two-headed ogre
  2692 | D        | Noticed a centaur warrior
  2693 | D        | Noticed an ice dragon
  2699 | D        | Noticed an ettin
  2706 | D        | Killed a centaur warrior
  2708 | D        | Noticed a deep troll shaman
  2714 | D        | Noticed a great orb of eyes
  2719 | D        | Noticed a fire giant
  2719 | D        | Killed a two-headed ogre
  2725 | D        | Killed a centaur warrior
  2727 | D        | Noticed a vampire mage
  2732 | D        | Killed an ice dragon
  2737 | D        | Killed an ettin
  2737 | D        | Reached skill level 15 in Maces & Flails
  2738 | D        | Noticed a jiangshi
  2741 | D        | Killed a deep troll shaman
  2741 | D        | Reached XP level 13. HP: 80/95 MP: 23/23
  2749 | D        | Killed a great orb of eyes
  2759 | D        | Killed a fire giant
  2832 | D        | Noticed Saint Roka
  2863 | D        | Killed Saint Roka
  3025 | D        | Reached skill level 15 in Invocations
  3080 | D        | Noticed a thorn hunter
  3089 | D        | Killed a thorn hunter
  3192 | D        | Gained mutation: Your large and strong wings let you fly indefinitely. [Gargoyle growth]
  3192 | D        | Reached XP level 14. HP: 104/104 MP: 25/25
  3269 | D        | Noticed Frances
  3270 | D        | Noticed Aizul
  3278 | D        | Killed Frances
  3289 | D        | Killed Aizul
  3386 | D        | Noticed a green very ugly thing
  3386 | D        | Noticed a frost giant
  3386 | D        | Noticed a red very ugly thing
  3397 | D        | Killed a red very ugly thing
  3406 | D        | Killed a frost giant
  3406 | D        | Reached skill level 15 in Dodging
  3415 | D        | Killed a green very ugly thing
  3464 | D        | Noticed a cyan very ugly thing
  3481 | D        | Noticed a stone giant
  3483 | D        | Noticed a green very ugly thing
  3489 | D        | Killed a cyan very ugly thing
  3502 | D        | Killed a stone giant
  3511 | D        | Killed a green very ugly thing
  3534 | D        | Noticed a frost giant
  3543 | D        | Killed a frost giant
  3600 | D        | Noticed a vault warden
  3600 | D        | Noticed an ironheart preserver
  3611 | D        | Killed an ironheart preserver
  3619 | D        | Killed a vault warden
  3619 | D        | Reached XP level 15. HP: 106/112 MP: 26/28
  3673 | D        | Noticed a lich
  3698 | D        | Noticed Dispater
  3702 | D        | Killed a lich
  3709 | D        | Noticed a yellow draconian stormcaller
  3740 | D        | Noticed Ereshkigal
  3796 | D        | Killed a yellow draconian stormcaller
  3939 | D        | Noticed Jory
  3958 | D        | Killed Jory
  4029 | D        | Noticed Frederick
  4046 | D        | Killed Frederick
  4290 | D        | Noticed Xtahua
  4302 | D        | Killed Xtahua
  4402 | D        | Noticed an emperor scorpion
  4402 | D        | Noticed an emperor scorpion
  4410 | D        | Killed an emperor scorpion
  4414 | D        | Noticed an emperor scorpion
  4422 | D        | Killed an emperor scorpion
  4454 | D        | Killed a ghost moth
  4466 | D        | Killed an emperor scorpion
  4485 | D        | Noticed an emperor scorpion
  4496 | D        | Killed an emperor scorpion
  4498 | D        | Got a gossamer rune of Zot
  4595 | D        | Noticed a nagaraja
  4602 | D        | Noticed a nagaraja
  4608 | D        | Noticed a nagaraja
  4609 | D        | Noticed a nagaraja
  4612 | D        | Killed a nagaraja
  4612 | D        | Reached XP level 16. HP: 116/122 MP: 30/30
  4618 | D        | Killed a nagaraja
  4624 | D        | Killed a nagaraja
  4640 | D        | Killed a nagaraja
  4678 | D        | Got a serpentine rune of Zot
  4738 | D        | Noticed Ilsuiw
  4770 | D        | Killed Ilsuiw
  4847 | D        | Got a barnacled rune of Zot
  4921 | D        | Got a decaying rune of Zot
  4997 | D        | Noticed Margery
  4998 | D        | Noticed Louise
  5011 | D        | Killed Margery
  5026 | D        | Killed Louise
  5189 | D        | Reached XP level 17. HP: 129/132 MP: 32/32
  5353 | D        | Noticed a lich
  5365 | D        | Killed a lich
  5578 | D        | Noticed a titan
  5578 | D        | Noticed a golden dragon
  5579 | D        | Noticed a titan
  5580 | D        | Found the +8 Wrath of Trog {antimagic, *Rage}
  5592 | D        | Killed a golden dragon
  5608 | D        | Killed a titan
  5633 | D        | Killed a titan
  5651 | D        | Got a silver rune of Zot
  5757 | D        | Noticed Mara
  5768 | D        | Noticed Gingerlord's illusion
  5769 | D        | Noticed Boris
  5797 | D        | Noticed Gingerlord's illusion
  5809 | D        | Killed Mara
  5809 | D        | Reached XP level 18. HP: 36/143 MP: 8/34
  5890 | D        | Killed Boris
  6021 | D        | Got the amulet "Ummiupn" {Spirit *Drain rElec rC++ Dex+4}
  6023 | D        | Got the ring of the Original Sin {Ice +Fly MR+ Int+2 Slay-3}
  6025 | D        | Got the ring "Axtuank" {+Fly MP-9 Dex+7 SInv}
  6027 | D        | Got the ring of Zinin {AC+3 Int+4}
  6029 | D        | Got the amulet of Ethri {MR+ Regen+}
  6051 | D        | Found the +9 scales of the Dragon King {rPois rF+ rC+ MR+}
  6124 | D        | Noticed Agnes
  6130 | D        | Killed Agnes
  6137 | D        | Noticed Sojobo
  6164 | D        | Killed Sojobo
  6310 | D        | Noticed Nikola
  6329 | D        | Killed Nikola
  6420 | D        | Noticed a tentacled monstrosity
  6439 | D        | Killed a tentacled monstrosity
  6454 | D        | Reached skill level 27 in Fighting
  6514 | D        | Noticed a bone dragon
  6533 | D        | Noticed a bone dragon
  6542 | D        | Killed a bone dragon
  6542 | D        | Reached skill level 27 in Armour
  6564 | D        | Killed a bone dragon
  6627 | D        | Noticed a tentacled monstrosity
  6627 | D        | Noticed a tentacled monstrosity
  6636 | D        | Killed a tentacled monstrosity
  6638 | D        | Noticed a tentacled monstrosity
  6647 | D        | Reached skill level 27 in Invocations
  6658 | D        | Killed a tentacled monstrosity
  6663 | D        | Killed a tentacled monstrosity
  6699 | D        | Reached XP level 19. HP: 151/151 MP: 27/36
  6716 | D        | Reached skill level 27 in Maces & Flails
  6998 | D        | Noticed a golden dragon
  7015 | D        | Killed a golden dragon
  7016 | D        | Noticed a tentacled monstrosity
  7039 | D        | Killed a tentacled monstrosity
  7075 | D        | Reached skill level 27 in Dodging
  7492 | D        | Reached skill level 5 in Evocations
  7515 | D        | Reached skill level 10 in Evocations
  7616 | D        | Reached skill level 15 in Evocations
  7665 | D        | Noticed a tentacled monstrosity
  7668 | D        | Killed a tentacled monstrosity
  7717 | D        | Reached XP level 20. HP: 157/157 MP: 28/37
  7836 | D        | Noticed an ancient lich
  7847 | D        | Killed an ancient lich
  7850 | D        | Noticed an orb of fire
  7859 | D        | Killed an orb of fire
  7862 | D        | Noticed an electric golem
  7868 | D        | Killed an electric golem
  7871 | D        | Noticed an electric golem
  7871 | D        | Noticed an electric golem
  7871 | D        | Noticed an electric golem
  7883 | D        | Noticed an orb of fire
  7891 | D        | Noticed an orb of fire
  7901 | D        | Noticed a golden dragon
  7901 | D        | Gained mutation: Armour fits poorly on your strangely shaped body. [an orb of fire]
  7913 | D        | Killed an orb of fire
  7921 | D        | Killed an orb of fire
  7929 | D        | Noticed an ancient lich
  7935 | D        | Killed a golden dragon
  7961 | D        | Killed an electric golem
  7967 | D        | Killed an ancient lich
  7976 | D        | Reached skill level 27 in Evocations
  7976 | D        | Reached skill level 1 in Throwing
  7976 | D        | Reached skill level 1 in Unarmed Combat
  7988 | D        | Killed an electric golem
  8010 | D        | Killed an electric golem
  8269 | D        | Reached skill level 10 in Unarmed Combat
  8276 | D        | Reached skill level 10 in Throwing
  8665 | D        | Reached XP level 21. HP: 163/163 MP: 29/38
  8691 | D        | Reached skill level 15 in Unarmed Combat
  8909 | D        | Noticed an ancient lich
  8909 | D        | Noticed an ancient lich
  8914 | D        | Killed an ancient lich
  8914 | D        | Reached skill level 15 in Throwing
  8916 | D        | Killed an ancient lich
  8918 | D        | Noticed an ancient lich
  8929 | D        | Killed an ancient lich
  9031 | D        | Got an elven rune of Zot
  9602 | D        | Noticed the Royal Jelly
  9617 | D        | Killed the Royal Jelly
  9639 | D        | Paralysed by a floating eye for 4 turns
  9645 | D        | Reached XP level 22. HP: 112/169 MP: 21/39
  9674 | D        | Got a slimy rune of Zot
 10684 | D        | Reached skill level 27 in Unarmed Combat
 10903 | D        | Noticed a greater mummy
 10903 | D        | Noticed a greater mummy
 10903 | D        | Noticed a greater mummy
 10903 | D        | Noticed a greater mummy
 10911 | D        | Killed a greater mummy
 10917 | D        | Killed a greater mummy
 10929 | D        | Killed a greater mummy
 10929 | D        | Reached skill level 27 in Throwing
 10929 | D        | Reached skill level 5 in Spellcasting
 10931 | D        | Noticed a greater mummy
 10937 | D        | Noticed a greater mummy
 10937 | D        | Killed a greater mummy
 10939 | D        | Reached skill level 10 in Stealth
 10952 | D        | Killed a greater mummy
 10958 | D        | Killed a greater mummy
 10961 | D        | Got a golden rune of Zot
 11163 | D        | Got an abyssal rune of Zot
 11396 | D        | Noticed Geryon
 11409 | D        | Killed Geryon
 11409 | D        | Reached skill level 15 in Stealth
 11412 | D        | Noticed Asmodeus
 11412 | D        | Noticed Antaeus
 11413 | D        | Noticed Mnoleg
 11434 | D        | Killed Antaeus
 11467 | D        | Killed Asmodeus
 11467 | D        | Reached XP level 23. HP: 57/175 MP: 3/43
 11473 | D        | Paralysed by a floating eye for 4 turns
 11482 | D        | Gained mutation: You are agile. (Dex +2) [a shining eye]
 11483 | D        | Paralysed by a floating eye for 3 turns
 11485 | D        | Gained mutation: You are dopey. (Int -2) [a shining eye]
 11487 | D        | Slain by Mnoleg

Skill      XL: |  1  2  3  4  5  6  7  8  9 10 11 12 13 14 15 16 17 18 19 20 21 22 |
---------------+-------------------------------------------------------------------+-----
Maces & Flails | 1 4 5 8 9 10 12 13 15 16 18 20 22 24 26 27 | 27.0
Armour         | 2 4 5 6 9 10 11 13 14 16 18 19 21 23 25 27 | 27.0
Dodging        | 1 3 4 7 8 9 10 11 13 14 15 17 19 20 23 27 | 27.0
Fighting       | 6 7 10 11 12 13 15 16 18 20 21 23 26 27 | 27.0
Invocations    | 3 6 9 11 13 15 18 20 22 24 27 | 27.0
Evocations     | 19 27 | 27.0
Throwing       | 12 22 27 | 27.0
Unarmed Combat | 13 24 27 | 27.0
Stealth        | 20 | 20.6
Spellcasting   | 16 | 16.5
Long Blades    | |  1.0
Crossbows      | |  2.0
Shields        | |  1.1

Action                   |  1- 3 |  4- 6 |  7- 9 | 10-12 | 13-15 | 16-18 | 19-21 | 22-24 || total
-------------------------+-------+-------+-------+-------+-------+-------+-------+-------++-------
Melee: Mace              |    35 |    30 |       |       |       |       |       |       ||    65
       Dire flail        |       |    25 |    72 |   189 |   618 |   836 |   527 |       ||  2267
       Great mace        |       |       |       |       |       |       |   141 |   265 ||   406
Invok: Bend Time         |       |     1 |       |       |       |       |       |       ||     1
       Slouch            |       |       |       |     9 |     8 |    11 |    10 |     5 ||    43
       Step From Time    |       |       |       |       |     5 |     1 |     1 |     1 ||     8
       Temporal Distorti |       |       |       |       |     1 |       |       |       ||     1
  Use: Potion            |     1 |     2 |     4 |       |     4 |     1 |     7 |     8 ||    27
       Scroll            |       |       |       |       |     4 |       |     8 |     1 ||    13
  Eat: Chunk             |       |       |       |     1 |       |       |       |       ||     1
       Ration            |       |       |       |     1 |     2 |     2 |     2 |     1 ||     8
Armor: Ring mail         |    19 |    12 |       |       |       |       |       |       ||    31
       Chain mail        |       |     7 |    35 |    28 |       |       |       |       ||    70
       Crystal plate arm |       |       |       |    33 |   334 |   288 |       |       ||   655
       Gold dragon scale |       |       |       |       |       |    92 |   272 |   123 ||   487
Dodge: Dodged            |    18 |    39 |    27 |   140 |   393 |   641 |   793 |   306 ||  2357
